 Dungeon Crawl Stone Soup version 0.23.1 (webtiles) character file.

Game seed: 0

3133 dengdeng the Protected (level 9, -3/83 HPs)
             Began as a Minotaur Berserker on Mar 3, 2019.
             Was an Elder of Trog.
             Killed from afar by an electric eel (12 damage)
             ... with a bolt of electricity
             ... on level 8 of the Dungeon.
             The game lasted 00:24:55 (6725 turns).

dengdeng the Protected (Minotaur Berserker)         Turns: 6725, Time: 00:24:55

Health: -3/83      AC: 17    Str: 25    XL:     9   Next: 61%
Magic:  8/8        EV:  4    Int:  4    God:    Trog [****..]
Gold:   323        SH: 15    Dex: 10    Spells: 8/8 levels left

rFire    . . .     SeeInvis .   I - +2 long sword (elec)
rCold    . . .     Gourm    .   y - +0 large shield
rNeg     . . .     Faith    .   v - +0 plate armour
rPois    .         Spirit   .   (helmet restricted)
rElec    .         Reflect  .   m - +0 cloak
rCorr    .         Harm     .   A - +0 pair of gloves
MR       .....                  (no boots)
Stlth    ..........             (no amulet)
HPRegen  0.23/turn              (no ring)
MPRegen  0.11/turn              (no ring)

@: very slow
A: retaliatory headbutt, horns 2
a: Berserk, Trog's Hand, Brothers in Arms, Renounce Religion


You were on level 8 of the Dungeon.
You worshipped Trog.
Trog was greatly pleased with you.
You were not hungry.

You visited 1 branch of the dungeon, and saw 8 of its levels.

You collected 353 gold pieces.
You spent 30 gold pieces at shops.

Inventory:

Hand Weapons
 a - a +0 hand axe
 b - a +2 flail of holy wrath
 q - a +3 quarterstaff of chaos
 B - a +1 war axe of chopping
 I - a +2 long sword of electrocution (weapon)
Missiles
 i - 140 stones (quivered)
 x - 14 tomahawks
Armour
 m - a +0 cloak (worn)
 v - a +0 plate armour (worn)
 y - a +0 large shield (worn)
 A - a +0 pair of gloves (worn)
Jewellery
 e - an uncursed ring of protection from fire {unknown}
 j - a cursed amulet of inaccuracy {unknown}
Wands
 t - a wand of random effects (11)
 E - a wand of enslavement (7)
 F - a wand of polymorph (10)
Scrolls
 d - 7 scrolls of teleportation
 g - 6 scrolls of remove curse
 o - 3 scrolls of noise {unknown}
 r - 3 scrolls of amnesia {unknown}
 s - 6 scrolls of identify {unknown}
 u - 4 scrolls of enchant weapon {unknown}
 w - 2 scrolls of random uselessness {unknown}
 C - a scroll of enchant armour {unknown}
 G - 2 scrolls of blinking {unknown}
 J - a scroll of magic mapping {unknown}
Potions
 f - a potion of might {unknown}
 h - a potion of mutation {unknown}
 k - 4 potions of curing
 l - 2 potions of ambrosia {unknown}
 n - a potion of agility {unknown}
 p - a potion of degeneration {unknown}
 z - 4 potions of heal wounds
 H - a potion of flight {unknown}
 K - a potion of resistance {unknown}
Comestibles
 c - 12 rations
 D - 2 chunks of flesh


   Skills:
 * Level 9.0 Fighting
 + Level 4.2 Long Blades
 + Level 7.4 Axes
 + Level 4.0 Staves
 * Level 9.3 Armour
 + Level 3.0 Dodging
 + Level 0.6 Stealth
 + Level 4.7 Shields


You had 8 spell levels left.
You didn't know any spells.
Your spell library was empty.

Dungeon Overview and Level Annotations

Branches:
Dungeon (8/15)             Temple (0/1) D:6            Lair (0/6) D:8

Altars:
Ashenzari
Cheibriados
Dithmenos
Kikubaaqudgha
Makhleb
Nemelex Xobeh
Ru
Uskayaw
The Shining One

Shops:
D:7 !


Innate Abilities, Weirdness & Mutations

You reflexively headbutt those who attack you in melee.
You have a pair of horns on your head.


Message History

The bolt of electricity hits you.
The hound stops to sniff the water.
The electric eel shoots out a bolt of lightning at you!
The bolt of electricity hits you.
* * * LOW HITPOINT WARNING * * *
The electric eel shoots out a bolt of lightning at you!
The bolt of electricity hits you.
* * * LOW HITPOINT WARNING * * *
The electric eel shoots out a bolt of lightning at you!
The bolt of electricity hits you!
* * * LOW HITPOINT WARNING * * *
The electric eel shoots out a bolt of lightning at you!
The bolt of electricity hits you.
* * * LOW HITPOINT WARNING * * *
Unknown command.
You enter the shallow water.
Moving in this stuff is going to be slow.
The electric eel shoots out a bolt of lightning at you!
The bolt of electricity hits you!
You die...

...#
#......≈≈≈≈.;≈.≈≈
...#
#......≈≈≈...≈≈≈≈
...###
##....≈≈≈...≈.≈≈≈
.....#
##"..≈≈≈.≈..≈≈≈≈
.....#
#...h≈≈.....≈≈≈
.....#
#..≈≈≈.≈.>.≈≈≈≈
.....#
#...≈≈≈....≈≈≈≈
.....#
#..≈≈≈;.;.≈.≈≈≈
.....#
#....≈≈@≈≈≈≈≈≈≈
.....#
##...≈≈≈≈≈≈≈≈≈.
.....#
#..≈≈.≈.≈≈≈≈≈.
.....#
#.≈..≈.≈≈≈≈≈≈≈
.....#
#....≈.≈...≈≈≈
.....#
#......≈......
.....#
#.............
.....#
#######....+..
.....#


You could see a hound and 2 electric eels.

Vanquished Creatures
  A troll (D:8)
  Grinder (D:6)
  A hippogriff (D:7)
  Sigmund (D:3)
  A hungry ghost (D:8)
  Menkaure (D:4)
  Duvessa (D:6)
  A water moccasin (D:8)
  A phantom (D:8)
  An eye of draining (D:8)
  A sky beast (D:7)
  An ogre (D:4)
  2 wolves (D:8)
  2 centaurs
  Blork the orc (D:4)
  Dowan (D:6)
  A water moccasin skeleton (D:8)
  2 scorpions
  4 killer bees (D:8)
  A centaur zombie (D:8)
  5 hounds
  Crazy Yiuf (D:2)
  4 orc wizards
  3 orc priests
  Ijyb (D:3)
  2 iguanas
  3 worker ants
  Robin (D:2)
  3 gnolls (D:3)
  11 adders
  3 worms
  2 dart slugs
  6 leopard geckos
  18 orcs
  2 ball pythons
  5 bats
  5 giant cockroaches
  19 goblins
  3 hobgoblins
  5 jackals
  2 quokkas
  2 frilled lizards
  9 kobolds
  A leopard gecko skeleton (D:8)
  8 rats
150 creatures vanquished.

Notes
Turn   | Place    | Note
-------+----------+-------------------------------------------
     0 | D:1      | dengdeng the Minotaur Berserker began the quest for the
                  | Orb.
     0 | D:1      | Reached XP level 1. HP: 19/19 MP: 0/0
   134 | D:1      | Reached XP level 2. HP: 23/27 MP: 1/1
   652 | D:1      | Reached XP level 3. HP: 34/34 MP: 2/2
   653 | D:1      | Reached ** piety under Trog
  1144 | D:2      | Found a hide-covered altar of Uskayaw.
  1260 | D:2      | Reached skill level 5 in Fighting
  1265 | D:2      | Reached XP level 4. HP: 41/42 MP: 3/3
  1310 | D:2      | Noticed Robin
  1317 | D:2      | Killed Robin
  1496 | D:2      | Found a runed translucent door.
  1497 | D:2      | Noticed Crazy Yiuf
  1668 | D:2      | Killed Crazy Yiuf
  1796 | D:3      | Reached XP level 5. HP: 38/48 MP: 4/4
  1887 | D:3      | Noticed Sigmund
  1898 | D:3      | Killed Sigmund
  1898 | D:3      | Reached skill level 5 in Axes
  1898 | D:3      | Reached skill level 1 in Staves
  1898 | D:3      | Reached XP level 6. HP: 40/57 MP: 5/5
  1995 | D:3      | Noticed Ijyb
  2002 | D:3      | Killed Ijyb
  2192 | D:3      | Reached *** piety under Trog
  2847 | D:4      | Noticed Menkaure
  2855 | D:4      | Killed Menkaure
  2855 | D:4      | Reached skill level 5 in Armour
  2855 | D:4      | Reached XP level 7. HP: 23/63 MP: 6/6
  3186 | D:4      | Noticed Blork the orc
  3195 | D:4      | Killed Blork the orc
  3498 | D:5      | Entered Level 5 of the Dungeon
  3651 | D:5      | Found a shadowy altar of Dithmenos.
  3995 | D:5      | Reached **** piety under Trog
  4308 | D:5      | Found a shattered altar of Ashenzari.
  4449 | D:6      | Found a staircase to the Ecumenical Temple.
  4491 | D:6      | Reached XP level 8. HP: 73/73 MP: 7/7
  4601 | D:6      | Noticed Duvessa
  4602 | D:6      | Noticed Dowan
  4614 | D:6      | Killed Duvessa
  4620 | D:6      | Killed Dowan
  4649 | D:6      | Noticed Grinder
  4656 | D:6      | Reached skill level 1 in Shields
  4665 | D:6      | Killed Grinder
  5153 | D:7      | Found a sacrificial altar of Ru.
  5171 | D:7      | Found a burning altar of Makhleb.
  5171 | D:7      | Found a sparkling altar of Nemelex Xobeh.
  5171 | D:7      | Found an ancient bone altar of Kikubaaqudgha.
  5172 | D:7      | Found a glowing golden altar of the Shining One.
  5173 | D:7      | Noticed a hippogriff
  5178 | D:7      | Killed a hippogriff
  5245 | D:7      | Found Guqihara's Distillery.
  5253 | D:7      | Bought a potion of curing for 30 gold pieces
  5593 | D:8      | Reached skill level 1 in Long Blades
  5729 | D:8      | Reached XP level 9. HP: 66/81 MP: 8/8
  5981 | D:8      | Found a snail-covered altar of Cheibriados.
  6438 | D:8      | Noticed a troll
  6444 | D:8      | Killed a troll
  6715 | D:8      | Found a staircase to the Lair.
  6725 | D:8      | Killed from afar by an electric eel

Skill      XL: |  1  2  3  4  5  6  7  8  9 |
---------------+----------------------------+-----
Fighting       | 4 5 6 7 8 9 |  9.0
Axes           | 4 5 6 7 |  7.4
Armour         | 3 4 5 6 8 9 |  9.3
Staves         | 1 2 4 |  4.0
Shields        | 3 4 |  4.7
Dodging        | 3 |  3.0
Long Blades    | 2 4 |  4.2
Stealth        | |  0.6

Action                   |  1- 3 |  4- 6 |  7- 9 || total
-------------------------+-------+-------+-------++-------
Melee: Hand axe          |    71 |    29 |       ||   100
       Headbutt          |     8 |    18 |    47 ||    73
       Quarterstaff      |       |    62 |    20 ||    82
       War axe           |       |       |    97 ||    97
       Long sword        |       |       |   105 ||   105
Throw: Stone             |       |       |     6 ||     6
Invok: Berserk           |       |     1 |     3 ||     4
  Use: Scroll            |       |       |     2 ||     2
  Eat: Chunk             |     1 |     6 |    12 ||    19
       Ration            |       |       |     1 ||     1
Armor: Animal skin       |     1 |       |       ||     1
       Chain mail        |    32 |    24 |       ||    56
       Plate armour      |       |    30 |   153 ||   183
Dodge: Dodged            |    36 |    35 |    41 ||   112
Block: Large shield      |       |       |   187 ||   187
       Rpst.: Long sword |       |       |    11 ||    11
